 Dungeon Crawl Stone Soup version 0.19.1 (webtiles) character file.

2623 JeffiDaFish the Basher (level 9, -2/55 HPs)
             Began as a Gargoyle Fighter on Dec 7, 2016.
             Was a Believer of Makhleb.
             Killed by divine providence
             ... invoked by an orc priest
              (14 damage)
             ... on level 8 of the Dungeon.
             The game lasted 00:12:18 (5937 turns).

JeffiDaFish the Basher (Gargoyle Fighter)           Turns: 5937, Time: 00:12:19

Health: -2/55      AC: 21    Str: 21    XL:     9   Next: 60%
Magic:  0/10       EV:  5    Int:  9    God:    Makhleb [**....]
Gold:   0          SH: 11    Dex: 11    Spells: 1 memorised, 6 levels left

rFire  + + .     SeeInvis .     a - +1 flail
rCold  x . .     Gourm    .     d - +0 plate armour
rNeg   + . .     Faith    .     c - +0 shield
rPois  ∞         Spirit   +     (no helmet)
rElec  +         Reflect  .     (no cloak)
rCorr  .         Harm     .     j - +1 pair of gloves
MR     .....                    (no boots)
Stlth  ..........               e - amulet of guardian spirit
                                r - ring of protection from fire
                                l - ring of fire

@: no status effects
A: negative energy resistance 1, shaggy fur 1, electricity resistance,
unbreathing, petrification resistance, rot immunity, AC +5
a: Minor Destruction, Renounce Religion


You were on level 8 of the Dungeon.
You worshipped Makhleb.
Makhleb was pleased with you.
You were not hungry.

You visited 2 branches of the dungeon, and saw 9 of its levels.
You also visited: Sewer.

Inventory:

Hand Weapons
 a - a +1 flail (weapon)
Armour
 c - a +0 shield (worn)
 d - a +0 plate armour (worn)
 j - a +1 pair of gloves (worn)
Jewellery
 e - an amulet of guardian spirit (around neck)
 l - a ring of fire (left hand)
 r - a ring of protection from fire (right hand)
Scrolls
 b - 3 scrolls of identify
 i - 2 scrolls of magic mapping
 n - 4 scrolls of teleportation
 s - a scroll of amnesia
Potions
 h - a potion of flight
 m - a potion of magic
 q - a potion of curing
 t - a potion of cure mutation
Books
 k - a book of Frost

   Spells                             Type                      Level
   a - Freeze                         Ice                          1
   b - Throw Frost                    Conjuration/Ice              2
   c - Ozocubu's Armour               Charms/Ice                   3
   d - Throw Icicle                   Conjuration/Ice              4
   e - Summon Ice Beast               Ice/Summoning                4
Comestibles
 f - 3 bread rations
 g - 3 meat rations
 o - a royal jelly
 u - 11 chunks of flesh


   Skills:
 * Level 5.7 Fighting
 * Level 8.0 Maces & Flails
 * Level 6.3 Armour
 - Level 2.1 Dodging
 * Level 7.7 Shields
 + Level 1.1 Spellcasting
 + Level 2.1 Conjurations
 + Level 1.3 Ice Magic


You had 6 spell levels left.
You knew the following spells:

 Your Spells              Type           Power        Failure   Level  Hunger
a - Throw Icicle          Conj/Ice       #.......     100%        4    #####..


Dungeon Overview and Level Annotations

Branches:
Dungeon (8/15)             Temple (1/1) D:6
   Lair: D:8-11

Altars:
Cheibriados
Dithmenos
Elyvilon
Fedhas
Gozag
Hepliaklqana
Kikubaaqudgha
Makhleb
Qazlal
Ru
Trog
Uskayaw
Vehumet
Yredelemnul

Shops:
D:4 :

Annotations:
D:8 Maurice; araganzar's ghost, novice TeGl


Innate Abilities, Weirdness & Mutations

You are resistant to torment.
Your stone body is resilient. (AC +5)
You are immune to poison.
You resist negative energy. (rN+)
You are resistant to electric shocks. (rElec)
You can survive without breathing.
You are immune to petrification.
You are immune to rotting.
You are covered in fur. (AC +1)


Message History

Something grunts, "Curses!"
You hear some strange, mumbled words.
The orc barely misses you. You block the adder's attack.
A kobold comes into view. It is wielding a short sword.
Your shield and plate armour prevent you from hitting something.
The kobold shouts!
You block the orc's attack.
You hear some strange, mumbled words.
A puff of frost appears from out of thin air!
The puff of frost hits something.
The adder bites you but does no damage. The orc hits you but does no damage.
Something hits you but does no damage.
The orc priest invokes the aid of Beogh against you.
Beogh smites you!
* * * LOW HITPOINT WARNING * * *
You completely miss something. The adder bites you.
* * * LOW HITPOINT WARNING * * *
The orc barely misses you.
The orc priest mumbles some strange prayers to Beogh against you.
Beogh smites you!
You die...

#...)...^.#.....
#...........#..#
..................#
...#............... #
#####..........####.#
#..K..K......@..##
.......KKK.........
......KloS##....#
#.####.#o@{oW...# ..
#..####{....... #..#
#.....### ...#
##....# .### #####


You could see a wyvern, a big kobold, an orc priest, araganzar's ghost, an
adder, 2 orcs and 5 kobolds.

Vanquished Creatures
  A hippogriff (D:7)
  Menkaure (D:6)
  2 orc warriors
  An ice beast (D:6)
  2 phantoms
  An ogre (D:4)
  2 centaurs
  7 big kobolds
  A bullfrog (D:7)
  2 scorpions (D:7)
  A centaur zombie (D:8)
  A bullfrog skeleton (D:8)
  An orc priest (D:4)
  2 hounds
  A jelly (D:7)
  A centaur skeleton (D:6)
  Natasha (thrice) (D:3)
  4 iguanas
  4 orc wizards
  4 worker ants
  6 gnolls
  9 adders
  A river rat (Sewer)
  A shadow imp (D:6)
  6 oozes (Sewer)
  2 adder zombies (D:6)
  7 worms
  A dart slug (D:3)
  5 leopard geckos
  29 orcs
  5 bats
  4 giant cockroaches
  15 hobgoblins
  9 jackals
  32 kobolds
  A quokka (D:3)
  4 ball pythons
  7 frilled lizards
  7 goblins
  A quokka skeleton (D:8)
  A quokka zombie (D:8)
  15 rats
210 creatures vanquished.

Notes
Turn   | Place    | Note
-------+----------+-------------------------------------------
     0 | D:1      | JeffiDaFish the Gargoyle Fighter began the quest for the Orb.
     0 | D:1      | Reached XP level 1. HP: 14/14 MP: 1/1
   100 | D:1      | Reached XP level 2. HP: 11/19 MP: 0/2
   525 | D:1      | Reached XP level 3. HP: 22/23 MP: 1/3
   951 | D:2      | Found a faded altar of an unknown god.
   956 | D:2      | Gained mutation: You are covered in fur. (AC +1) [potion of mutation]
   956 | D:2      | Gained mutation: You have supernaturally acute eyesight. (SInv) [potion of mutation]
   956 | D:2      | Gained mutation: Your flesh is heat resistant. (rF+) [potion of mutation]
  1181 | D:2      | Reached XP level 4. HP: 28/28 MP: 4/4
  1512 | D:3      | Found a bloodstained altar of Trog.
  1512 | D:3      | Noticed Natasha
  1513 | D:3      | Found a shadowy altar of Dithmenos.
  1524 | D:3      | Killed Natasha
  1524 | D:3      | Reached skill level 3 in Maces & Flails
  1701 | D:3      | Reached XP level 5. HP: 32/32 MP: 5/5
  1758 | D:3      | Found a glowing drain.
  1783 | Sewer    | Entered a sewer
  1821 | Sewer    | Noticed a big kobold
  1847 | Sewer    | Killed a big kobold
  1945 | Sewer    | Reached XP level 6. HP: 38/38 MP: 6/6
  1963 | Sewer    | Reached skill level 4 in Maces & Flails
  2031 | Sewer    | Reached skill level 5 in Shields
  2466 | D:3      | Reached XP level 7. HP: 41/43 MP: 7/7
  2586 | D:3      | Found a blossoming altar of Fedhas.
  2629 | D:3      | Noticed Natasha
  2636 | D:3      | Killed Natasha
  2636 | D:3      | Reached skill level 5 in Maces & Flails
  2648 | D:3      | Noticed Natasha
  2681 | D:3      | Killed Natasha
  3007 | D:3      | Reached skill level 1 in Dodging
  3233 | D:4      | Found Kadwel's Book Emporium.
  3499 | D:4      | Found a white marble altar of Elyvilon.
  3667 | D:4      | Reached skill level 5 in Armour
  3667 | D:4      | Reached XP level 8. HP: 48/48 MP: 8/8
  3741 | D:4      | Gained mutation: You have sharp toenails. [potion of beneficial mutation]
  3858 | D:4      | Reached skill level 6 in Maces & Flails
  4264 | D:5      | Entered Level 5 of the Dungeon
  4330 | D:5      | You fall through a shaft!
  4383 | D:6      | Found a staircase to the Ecumenical Temple.
  4402 | Temple   | Entered the Ecumenical Temple
  4407 | Temple   | Became a worshipper of Makhleb the Destroyer
  4418 | D:6      | Noticed Menkaure
  4425 | D:6      | Killed Menkaure
  4758 | D:6      | Reached skill level 7 in Maces & Flails
  4909 | D:6      | Found a snail-covered altar of Cheibriados.
  5219 | D:7      | Reached * piety under Makhleb
  5261 | D:7      | Learned a level 4 spell: Throw Icicle
  5278 | D:7      | Reached skill level 5 in Fighting
  5313 | D:7      | Reached XP level 9. HP: 54/54 MP: 9/9
  5412 | D:7      | Lost mutation: Your flesh is heat resistant. (rF+) [potion of cure mutation]
  5412 | D:7      | Lost mutation: You have sharp toenails. [potion of cure mutation]
  5412 | D:7      | Lost mutation: You have supernaturally acute eyesight. (SInv) [potion of cure mutation]
  5447 | D:7      | Reached skill level 1 in Conjurations
  5447 | D:7      | Reached skill level 1 in Ice Magic
  5615 | D:7      | Found a radiant altar of Vehumet.
  5685 | D:7      | Reached skill level 1 in Spellcasting
  5745 | D:7      | Reached ** piety under Makhleb
  5852 | D:8      | Reached skill level 8 in Maces & Flails
  5911 | D:8      | Noticed Maurice
  5926 | D:8      | Noticed araganzar's ghost (novice TeGl)
  5937 | D:8      | Killed from afar by an orc priest

Skill      XL: |  1  2  3  4  5  6  7  8  9 |
---------------+----------------------------+-----
Shields        | 4 5 7 |  7.7
Armour         | 4 5 6 |  6.3
Maces & Flails | 3 4 5 7 8 |  8.0
Fighting       | 4 5 |  5.7
Dodging        | 1 2 |  2.1
Conjurations   | 2 |  2.1
Ice Magic      | 1 |  1.3
Spellcasting   | 1 |  1.1

Action                   |  1- 3 |  4- 6 |  7- 9 || total
-------------------------+-------+-------+-------++-------
Melee: Flail             |   138 |   297 |   581 ||  1016
       Kick              |       |       |    51 ||    51
  Use: Potion            |     3 |     2 |     4 ||     9
       Scroll            |       |     4 |     9 ||    13
  Eat: Chunk             |     1 |     6 |    10 ||    17
       Royal jelly       |       |       |     1 ||     1
Armor: Scale mail        |    84 |   159 |    41 ||   284
       Chain mail        |       |       |   146 ||   146
       Plate armour      |       |       |   271 ||   271
Dodge: Dodged            |    48 |    82 |   139 ||   269
Block: Shield            |    75 |   153 |   379 ||   607
